AoeStats
← Wollebrocken

Golden Pit

509910428Analyzed
1v1 RM · 3d ago on Sep 28, 2026· 37m 40s· 2 players
Game mode
Random Map
Map size
Tiny (2 player)
Population
200
Speed
Normal
Resources
Standard
Victory
Conquest
Starting age
Dark Age
Ending age
Imperial Age
RankedLock teamsTeams togetherTeam positionsShared explorationLock speedFull tech treeHidden civsTurbo modeCheats
Victory
Defeat
🇩🇪 Goths · Germany
1137
+14
🇩🇪 Byzantines · Germany
1089
-14
Trexology
7:02 Loom
10:02 Feudal Age
10:06 Man-at-Arms
11:14 Double-Bit Axe
16:28 Fletching
17:00 Gold Mining
17:20 Horse Collar
21:53 Padded Archer Armor
24:11 Castle Age
24:16 Crossbowman
25:01 Thumb Ring
25:29 Bodkin Arrow
25:49 Leather Archer Armor
27:16 Bow Saw
27:08 Heavy Plow
39:01 Imperial Age
37:07 Wheelbarrow
37:22 Pikeman
38:11 Scale Mail Armor
38:21 Forging
Wollebrocken
2:13 Loom
12:20 Feudal Age
13:43 Horse Collar
14:14 Double-Bit Axe
15:56 Wheelbarrow
21:38 Castle Age
23:47 Bow Saw
23:52 Elite Skirmisher
27:03 Hand Cart
27:17 Fletching
31:29 Bodkin Arrow
37:20 Bloodlines
Connection lost

Rejoining the realm…

Still unreachable

The connection could not be restored.

Session expired

The server has moved on; the page needs a fresh start.